[Event "Early-Titled-Tuesday-Blitz-February-20-2024"]
[Site "Chess.com"]
[Date "2024.02.20"]
[Round "6"]
[White "UnTucopalaTimba"]
[Black "lasRojas"]
[Result "0-1"]
[WhiteElo "1998"]
[BlackElo "2286"]
[TimeControl "180+1"]
[EndTime "9:08:19 PST"]
[Termination "lasRojas won by resignation"]

1. e4 c5 2. Nf3 e6 3. d4 cxd4 4.
Nxd4 Nf6 5. Nc3 Nc6 6. Nb3 Bb4 7. Bd3 d5 8. O-O Bxc3 9. bxc3 dxe4 10. Bb5 O-O 11. Bg5 Qxd1 12. Raxd1 Nd5 13. Bxc6 bxc6 14. Nc5 Nxc3 15. Ra1 f6 16. Bd2 Nd5 17. Nxe4 Ba6 18. Rfc1 Bc4 19. Nc5 e5 20. Rd1 Rfd8 21. Ba5 Nb6 22.
Nb3 Rxd1+ 23. Rxd1 Bd5 24. Kf1 Nc4 25. Bc3 a5 26. g3 Rd8 27. Ke1 Ra8 28. Nc5 Kf7 29. f4 exf4 30. gxf4 Re8+ 31. Kf2 Ne3 32. Rd2 Ng4+ 33.
Kf1 Re3 34. Bxa5 Rf3+ 35. Ke1 Rxf4 36. Bc7 Rc4 37. Nd3 Ne3 38. Bf4 Nxc2+ 39. Kd1 Nb4 40.
Nxb4 Rxb4 41. Rc2 Rxf4 0-1

[Event "Early-Titled-Tuesday-Blitz-February-20-2024"]
[Site "Chess.com"]
[Date "2024.02.20"]
[Round "6"]
[White "le-castor-faineant"]
[Black "KorolDimitriy75"]
[Result "0-1"]
[WhiteElo "2279"]
[BlackElo "2428"]
[TimeControl "180+1"]
[EndTime "9:08:20 PST"]
[Termination "KorolDimitriy75 won by checkmate"]

1. e4 c5 2. g3 g6 3. Bg2 Bg7 4. Ne2 Nc6 5. O-O d6 6. c3 e5 7.
d3 Nge7 8. f4 O-O 9. Nd2 f5 10.
a4 Be6 11. Nf3 h6 12. h3 Qd7 13. Kh2 Rae8 14. Bd2 Kh7 15. Qc2 b6 16. h4 d5 17.
exf5 Bxf5 18. fxe5 Nxe5 19. Nxe5 Bxe5 20. Bf4 Nc6 21.
Rad1 d4 22. Bxe5 Nxe5 23. Nf4 Ng4+ 24. Kh1 Ne3 25. Qd2 Nxd1 26. Rxd1 dxc3 27. bxc3 g5 28.
hxg5 hxg5 29. Nd5 Kg6 30. c4 Qd6 31. g4 Bxg4 32. Be4+ Rxe4 33. dxe4 Bxd1 34. Qxd1 Rh8+ 35. Kg2 Qh2+ 36. Kf3 Rh3+ 37. Kg4 Qg3# 0-1

[Event "Early-Titled-Tuesday-Blitz-February-20-2024"]
[Site "Chess.com"]
[Date "2024.02.20"]
[Round "6"]
[White "wanyaland"]
[Black "only_strong_moves"]
[Result "0-1"]
[WhiteElo "2495"]
[BlackElo "2651"]
[TimeControl "180+1"]
[EndTime "9:08:22 PST"]
[Termination "only_strong_moves won by resignation"]

1. d4 Nf6 2. c4 e6 3. g3 d5 4. Bg2 Be7 5. Nf3 O-O 6. O-O dxc4 7. Qc2 a6 8. a4 Bd7 9. Bg5 Bc6 10. Qxc4 Nbd7 11. a5 h6 12. Bxf6 Nxf6 13. Nc3 Bd5 14. Nxd5 exd5 15. Qb3 Rb8 16. e3 c6 17. Ne5 Ne8 18.
Bh3 Nf6 19. Qc2 Qd6 20. Rab1 Rfe8 21. b4 Bf8 22. f4 Ne4 23. Bf5 f6 24. Bxe4 dxe4 25.
Nc4 Qe6 26. Nb6 Kh7 27. f5 Qf7 28. Rf4 Bd6 29. Rxe4 Rxe4 30. Qxe4 Re8 31. Qf3 Qa2 32. Rf1 Qd2 33. Nc4 Qxb4 34. Nxd6 Qxd6 35. Re1 Qb4 36. Re2 Qxa5 37. Qg4 Re7 38. Kg2 Qd5+ 39. Kh3 a5 40.
Rb2 b5 41. Qf4 a4 42. Rc2 a3 43. Rc5 Re4 44. Qc7 Qxc5 45. dxc5 a2 46. Qa7 Ra4 47. Qf7 Ra8 0-1

[Event "Early-Titled-Tuesday-Blitz-February-20-2024"]
[Site "Chess.com"]
[Date "2024.02.20"]
[Round "6"]
[White "ajeale2"]
[Black "ShieldingOff"]
[Result "1-0"]
[WhiteElo "2500"]
[BlackElo "2209"]
[TimeControl "180+1"]
[EndTime "9:08:23 PST"]
[Termination "ajeale2 won by resignation"]

1. d4 c5 2. d5 e5 3. c4 d6 4. Nc3 Be7 5. Nf3 a6 6. e4 Bg4 7. a4 Bxf3 8. Qxf3 Bg5 9. Bd3 Bxc1 10. Rxc1 Ne7 11. h4 O-O 12. h5 h6 13. g4 f6 14. O-O Nd7 15. Ne2 Qe8 16. Ng3 g6 17.
hxg6 Qxg6 18. Kg2 Kf7 19. Rh1 Rh8 20. Rh4 Rag8 21. Rch1 Ke8 22. Be2 Rg7 23. Qb3 b6 24. a5 bxa5 25. Qb7 Qg5 26. Qa8+ Kf7 27. Qxh8 Ng6 28. Qxh6 Nxh4+ 29. Rxh4 1-0

[Event "Early-Titled-Tuesday-Blitz-February-20-2024"]
[Site "Chess.com"]
[Date "2024.02.20"]
[Round "6"]
[White "Zq1"]
[Black "Ariadna_Atreides"]
[Result "1-0"]
[WhiteElo "2525"]
[BlackElo "2192"]
[TimeControl "180+1"]
[EndTime "9:08:25 PST"]
[Termination "Zq1 won on time"]

1. d4 Nf6 2. c4 e6 3. Nf3 Bb4+ 4. Bd2 Bxd2+ 5. Qxd2 O-O 6. Nc3 d5 7. e3 Qe7 8. Rc1 Rd8 9. cxd5 exd5 10. Be2 Nc6 11. O-O Bg4 12. h3 Bh5 13. a3 Ne4 14. Nxe4 dxe4 15.
Ne5 Qxe5 16. dxe5 Rxd2 17. Bxh5 Rxb2 18. e6 g6 19. exf7+ Kxf7 20. Bg4 Rd8 21. Rc4 h5 22. Bd1 Ra2 23. a4 Ra1 24. Bc2 Rxf1+ 25. Kxf1 Ne5 26. Rxc7+ Rd7 27. Rxd7+ Nxd7 28. Bxe4 Nc5 29. Bc2 g5 30. Ke2 b6 31. Kd2 Kf6 32. Kc3 Ke5 33. Kc4 h4 34. f3 Kd6 35. Kd4 Ne6+ 36. Ke4 Ng7 37. f4 gxf4 38.
Kxf4 Ke6 39. Kg5 Ne8 40. Kxh4 Nd6 41. Kg5 Nc4 42. Bb3 Kd5 43. h4 Kc5 44. Bxc4 Kxc4 45. h5 1-0

[Event "Early-Titled-Tuesday-Blitz-February-20-2024"]
[Site "Chess.com"]
[Date "2024.02.20"]
[Round "6"]
[White "alexrustemov"]
[Black "AlexTruskavetsky"]
[Result "0-1"]
[WhiteElo "2892"]
[BlackElo "2731"]
[TimeControl "180+1"]
[EndTime "9:08:27 PST"]
[Termination "AlexTruskavetsky won by checkmate"]

1. d4 Nf6 2. c4 e6 3. Nf3 d5 4. Nc3 dxc4 5. e4 Bb4 6. Bg5 h6 7. Bxf6 Qxf6 8. Bxc4 O-O 9. O-O a6 10. e5 Qd8 11. Qe2 b5 12. Bd3 Bb7 13. Be4 Bxe4 14. Qxe4 Nd7 15. a4 Bxc3 16. bxc3 Nb6 17. axb5 axb5 18. Qc6 Nd5 19. Qxb5 Nxc3 20. Qc4 Nd5 21. g3 Qd7 22. Kg2 Rab8 23. Rfb1 Rb6 24. Rc1 Rfb8 25. Rc2 Rb4 26. Qc6 Qd8 27. Rac1 Rb3 28. Qc4 R8b4 29. Qe2 Qa8 30. h4 Rxf3 31. Qxf3 Rb3 32. Rxc7 Nf4+ 33. gxf4 Qxf3+ 34. Kg1 Qxf4 35. R1c3 Rxc3 36. Rxc3 Qxd4 37. Re3 Qxh4 38. Kg2 Qg5+ 39. Kf1 Qxe3 40. fxe3 Kh7 41. Kg2 Kg6 42. e4 Kg5 43. Kg3 h5 44. Kf3 Kh4 45. Kf4 g5+ 46. Kf3 Kh3 47. Kf2 Kg4 48. Ke3 Kg3 49. Kd4 Kf4 50. Kd3 Kxe5 51. Ke3 g4 52. Kd3 f5 53. Ke3 f4+ 54. Kf2 Kxe4 55. Kg2 Kd3 56.
Kh2 e5 57. Kg2 e4 58. Kf2 h4 59. Ke1 e3 60. Kf1 f3 61. Kg1 g3 62. Kh1 e2 63. Kg1 e1=Q# 0-1

[Event "Early-Titled-Tuesday-Blitz-February-20-2024"]
[Site "Chess.com"]
[Date "2024.02.20"]
[Round "6"]
[White "ajedrezsinlimites"]
[Black "Schattman"]
[Result "1-0"]
[WhiteElo "2636"]
[BlackElo "2441"]
[TimeControl "180+1"]
[EndTime "9:08:27 PST"]
[Termination "ajedrezsinlimites won on time"]

1. e4 c5 2. Nf3 d6 3. d4 cxd4 4. Nxd4 Nf6 5. Nc3 a6 6. h4 e5 7.
Nb3 h6 8. Bc4 Qc7 9. Bd5 Bg4 10.
f3 Be6 11. Bxe6 fxe6 12. Qe2 Be7 13. Bd2 O-O 14. O-O-O b5 15. g4 b4 16. Nb1 a5 17.
g5 Nh5 18. gxh6 a4 19. Na1 b3 20. axb3 d5 21. hxg7 Rf7 22. f4 Ng3 23. Qg4 Nxh1 24. Rxh1 Nd7 25. h5 Rc8 26. h6 Kh7 27. Rg1 Nf6 28.
Qxe6 Bc5 29. fxe5 Bxg1 30. exf6 Qd7 31. Qxd7 Rxd7 32. e5 Bd4 33. e6 Rd6 34. f7 Bxg7 35. hxg7 Kxg7 36. Bc3+ Kg6 37. Bb4 Rxe6 38. f8=Q Rxf8 39.
Bxf8 Re1+ 40. Kd2 Rxb1 41. bxa4 Rxa1 42. b3 Kf5 43. Kd3 Ke6 44. Bg7 Rd1+ 45. Kc3 Rf1 46. Bd4 Rf3+ 47. Kb4 Rf7 48. a5 Rb7+ 49. Bb6 d4 50. Kc4 Kd7 51. Bxd4 Kc6 52. b4 Rc7 53. Bc5 Rb7 54. c3 Rb5 55. a6 Rb8 56. a7 1-0

[Event "Early-Titled-Tuesday-Blitz-February-20-2024"]
[Site "Chess.com"]
[Date "2024.02.20"]
[Round "6"]
[White "Sjakkerntobi"]
[Black "karinachess1"]
[Result "0-1"]
[WhiteElo "2498"]
[BlackElo "2669"]
[TimeControl "180+1"]
[EndTime "9:08:27 PST"]
[Termination "karinachess1 won by resignation"]

1. e4 e5 2. Nf3 Nc6 3. Bc4 Nf6 4. d3 h6 5. O-O d6 6. a4 g5 7. c3 Bg7 8. Nbd2 a6 9. d4 g4 10. dxe5 dxe5 11. Ne1 Qe7 12. Nc2 Be6 13. Qe2 Nh5 14.
Bxe6 Qxe6 15. Qc4 Nf4 16. Qxe6+ fxe6 17. Nc4 O-O-O 18. Be3 h5 19. b4 Ne2+ 20. Kh1 Nxc3 21. b5 Nd4 22. Nb4 axb5 23. axb5 Ncxb5 24. Rfc1 Kd7 25. Na5 b6 26. Nac6 Ra8 27. Rab1 Nd6 28. Bxd4 exd4 29. e5 Ne4 30. Kg1 Nc3 31. Rb2 Ra3 32. Rd2 Ke8 33. Re1 Kf7 34. Rxd4 Ne2+ 0-1

[Event "Early-Titled-Tuesday-Blitz-February-20-2024"]
[Site "Chess.com"]
[Date "2024.02.20"]
[Round "6"]
[White "profedechess93"]
[Black "shailendrabajpai"]
[Result "1-0"]
[WhiteElo "2633"]
[BlackElo "2411"]
[TimeControl "180+1"]
[EndTime "9:08:27 PST"]
[Termination "profedechess93 won on time"]

1. e4 c5 2. Nf3 d6 3. Bb5+ Bd7 4. Bxd7+ Qxd7 5. O-O g6 6. Re1 Bg7 7. c3 Nc6 8. d4 cxd4 9. cxd4 Nf6 10. Nc3 O-O 11. Bg5 h6 12. Bf4 Rfc8 13. Qd2 g5 14. Bg3 Nh5 15.
e5 Nxg3 16. e6 fxe6 17. hxg3 g4 18. Nh2 e5 19. dxe5 Nxe5 20. Rad1 Qf5 21. Nd5 Qf7 22. Re4 h5 23. Qg5 Re8 24. Nc7 Rac8 25. Nxe8 Qxe8 26.
f4 gxf3 27. Nxf3 Rc5 28. Nxe5 Rxe5 29. Rxe5 dxe5 30. Qf5 Qc6 31. Rd8+ 1-0

[Event "Early-Titled-Tuesday-Blitz-February-20-2024"]
[Site "Chess.com"]
[Date "2024.02.20"]
[Round "6"]
[White "Dinosaurio_1975"]
[Black "pr1105"]
[Result "1-0"]
[WhiteElo "2603"]
[BlackElo "2394"]
[TimeControl "180+1"]
[EndTime "9:08:27 PST"]
[Termination "Dinosaurio_1975 won by resignation"]

1. c4 e5 2. Nc3 Nf6 3. Nf3 Nc6 4. a3 d5 5. cxd5 Nxd5 6. Qc2 Nxc3 7. dxc3 a5 8. e4 Bc5 9. Bb5 O-O 10. O-O Qe7 11. h3 f6 12. Bc4+ Be6 13. Qb3 Nd8 14. Rd1 a4 15.
Bxe6+ Qxe6 16. Qb5 Bb6 17. Nd2 Ra5 18. Qc4 Ra8 19.
g3 c6 20. Kg2 Re8 21. Qxe6+ Nxe6 22. Nc4 Bc7 23. Be3 b5 24. Nd6 Red8 25. Nb7 Rdb8 26.
Nc5 Nxc5 27. Bxc5 Rd8 28. Kf3 Kf7 29. Ke3 Ke6 30. f4 Rxd1 31. Rxd1 Rd8 32. f5+ Kf7 33.
Rxd8 Bxd8 34. Kd3 g6 35. g4 h5 36. c4 hxg4 37. hxg4 gxf5 38. gxf5 Ke8 39. cxb5 cxb5 40. Kc3 Ba5+ 41. Bb4 Bb6 42. Bd6 Bd4+ 43. Kb4 Bxb2 44.
Kxb5 Kd7 45. Bb4 Bd4 46. Kxa4 1-0

[Event "Early-Titled-Tuesday-Blitz-February-20-2024"]
[Site "Chess.com"]
[Date "2024.02.20"]
[Round "6"]
[White "CM_rui"]
[Black "maciek_92"]
[Result "0-1"]
[WhiteElo "2600"]
[BlackElo "2814"]
[TimeControl "180+1"]
[EndTime "9:08:28 PST"]
[Termination "maciek_92 won by checkmate"]

1. e4 c5 2. Nf3 e6 3. c4 Nc6 4. d4 cxd4 5. Nxd4 Nf6 6. Nc3 Bb4 7. Nxc6 bxc6 8. Bd3 O-O 9. O-O e5 10. Qc2 h6 11. h3 d6 12. Be3 Bc5 13. Bxc5 dxc5 14. Rfd1 Qe7 15. a3 a5 16. Na4 Nh5 17. Kh2 Nf4 18. Bf1 Ne6 19. Qb3 f5 20. Qb6 Ra6 21.
Qb8 Nd4 22. f4 exf4 23. Qxf4 fxe4 24. Qg3 Bf5 25. Rac1 Raa8 26. Re1 Rad8 27. Bd3 Rfe8 28. Bb1 Qf6 29. Nxc5 e3 30. Bxf5 Nxf5 31. Qf4 Rd4 32. Qc7 Rd6 33. Nb3 Qe5+ 34. Kg1 e2 35. Qb6 Rd3 36. Nxa5 c5 37. Nc6 Rxh3 38. Qxc5 Qxc5+ 39. Nd4 Qxd4# 0-1

[Event "Early-Titled-Tuesday-Blitz-February-20-2024"]
[Site "Chess.com"]
[Date "2024.02.20"]
[Round "6"]
[White "LaPiToB"]
[Black "Alenzer"]
[Result "0-1"]
[WhiteElo "2283"]
[BlackElo "2151"]
[TimeControl "180+1"]
[EndTime "9:08:32 PST"]
[Termination "Alenzer won by checkmate"]

1. d4 d5 2. c4 dxc4 3. e3 e5 4.
Bxc4 exd4 5. exd4 Nf6 6. Nf3 Bd6 7. O-O O-O 8. h3 Nc6 9. Nc3 Re8 10. Bg5 h6 11. Be3 Bf5 12. Qb3 Qd7 13. Bb5 a6 14. Bxc6 Qxc6 15. Rac1 b5 16. Rfd1 Qd7 17. Ne5 Qe6 18. Qxe6 Bxe6 19. f4 b4 20. Ne2 Bxa2 21.
Bf2 Nd5 22. g3 Bf8 23. Kg2 Bd6 24. Ng1 a5 25. Ngf3 f6 26. Ng6 Kf7 27. Ngh4 Ne3+ 28. Bxe3 Rxe3 29. Nf5 Re2+ 30. Kf1 Rxb2 31. Nxd6+ cxd6 32.
Rc7+ Ke6 33. Re1+ Kd5 34. Ree7 Bc4+ 35. Kg1 Rb1+ 36. Kf2 Rb2+ 37. Ke3 Re2# 0-1

[Event "Early-Titled-Tuesday-Blitz-February-20-2024"]
[Site "Chess.com"]
[Date "2024.02.20"]
[Round "6"]
[White "averageFM"]
[Black "ilqar_74"]
[Result "0-1"]
[WhiteElo "2624"]
[BlackElo "2847"]
[TimeControl "180+1"]
[EndTime "9:08:33 PST"]
[Termination "ilqar_74 won by resignation"]

1. d4 Nf6 2. Nc3 d5 3. e4 dxe4 4. f3 e3 5. Bxe3 e6 6. Qd2 b6 7.
a3 Bb7 8. O-O-O Nbd7 9. Nge2 a6 10. Nf4 b5 11. d5 e5 12. Nd3 Bd6 13. Nb4 Nb6 14.
Bxb6 cxb6 15. g4 Qc7 16. g5 Nd7 17. Ne4 Nc5 18. Kb1 Nxe4 19. fxe4 Rc8 20. Bh3 Ra8 21. Rhf1 O-O 22. Bf5 a5 23. Nc6 b4 24. a4 b5 25.
axb5 a4 26. h4 b3 27. c4 a3 28. Qc3 axb2 29. c5 Bxc6 30. dxc6 Qa7 31. Qxb2 Bxc5 32. Rd7 Qa4 33. c7 Qxb5 34. Rdd1 Bd4 35. c8=Q Rfxc8 36. Bxc8 Rxc8 37. Qa3 Qc4 38. Qc1 Ra8 39. Rxd4 Qxd4 40. Qb2 Qd3+ 0-1

[Event "Early-Titled-Tuesday-Blitz-February-20-2024"]
[Site "Chess.com"]
[Date "2024.02.20"]
[Round "6"]
[White "lamomiajunior"]
[Black "GameOverBro"]
[Result "1-0"]
[WhiteElo "2730"]
[BlackElo "2527"]
[TimeControl "180+1"]
[EndTime "9:08:33 PST"]
[Termination "lamomiajunior won on time"]

1. d4 d6 2. e4 Nf6 3. Nc3 e5 4. Nf3 Nbd7 5. a4 Be7 6. Bc4 c6 7. a5 h6 8. O-O Qc7 9. Qe2 Nf8 10.
b3 Ng6 11. d5 O-O 12. Rd1 Nh5 13. Be3 Nhf4 14. Qd2 Bg4 15. Be2 cxd5 16. Nxd5 Nxd5 17. exd5 f5 18. Ne1 Bxe2 19. Qxe2 Bf6 20. Qh5 Ne7 21. c4 Kh7 22. c5 f4 23. cxd6 Qxd6 24. Bc1 e4 25.
Ba3 Qd7 26. Rac1 Rfc8 27. Qe2 Qf5 28. d6 Nc6 29. a6 bxa6 30. d7 Rc7 31. Qxa6 Nd4 32.
Rxc7 f3 33. Qb7 Ne2+ 34. Kf1 Rd8 35. gxf3 Nf4 36. Qxe4 1-0

[Event "Early-Titled-Tuesday-Blitz-February-20-2024"]
[Site "Chess.com"]
[Date "2024.02.20"]
[Round "6"]
[White "Kirill_Klukin"]
[Black "LeninGuerra"]
[Result "1-0"]
[WhiteElo "2845"]
[BlackElo "2561"]
[TimeControl "180+1"]
[EndTime "9:08:34 PST"]
[Termination "Kirill_Klukin won by checkmate"]

1. d4 Nf6 2. Nf3 c5 3. e3 cxd4 4. exd4 e6 5. Bd3 b6 6. O-O Bb7 7. b3 Be7 8. Bb2 Kf8 9. c4 h5 10. Nc3 h4 11. h3 g5 12. d5 g4 13. hxg4 h3 14. g5 hxg2 15. Kxg2 Nh5 16. Rh1 Nf4+ 17. Kg3 Nh5+ 18. Kg2 Nf4+ 19. Kg3 Nh5+ 20. Rxh5 Rxh5 21.
Ne4 exd5 22. Nf6 Qc7+ 23. Kg2 Rh8 24. cxd5 Qf4 25. Be5 Qb4 26. a3 Qc5 27. b4 Qc8 28. Qh1 Rg8 29. Qh6+ Rg7 30. Qh8+ Rg8 31. Qxg8# 1-0

[Event "Early-Titled-Tuesday-Blitz-February-20-2024"]
[Site "Chess.com"]
[Date "2024.02.20"]
[Round "6"]
[White "regenda"]
[Black "Lion-Al-Messi"]
[Result "0-1"]
[WhiteElo "2254"]
[BlackElo "2546"]
[TimeControl "180+1"]
[EndTime "9:08:34 PST"]
[Termination "Lion-Al-Messi won by checkmate"]

1. Nf3 Nf6 2. c4 c5 3. g3 b6 4.
Bg2 Bb7 5. O-O e6 6. d4 cxd4 7. Nxd4 Bxg2 8. Kxg2 Be7 9. f3 O-O 10. e4 d5 11. cxd5 exd5 12. e5 Nfd7 13. f4 Nc5 14. Nc3 Qd7 15. Qh5 g6 16. Qh6 f5 17.
Be3 Nc6 18. Rad1 Rad8 19. h4 Nxd4 20. Bxd4 Ne6 21. h5 g5 22. Be3 Qc6 23. fxg5 d4+ 24.
Kh2 dxe3 25. g6 hxg6 26. hxg6 Ng5 27. Rf4 Rxd1 28. Nxd1 Rd8 29. Nxe3 Rd2+ 30. Kg1 Qc1+ 31. Nf1 Bc5+ 32. Kh1 Rd1 33. Qxg5 Rxf1+ 34. Kg2 Rg1+ 35. Kh3 Rh1+ 36. Kg2 Qg1+ 37. Kf3 Qf2# 0-1

[Event "Early-Titled-Tuesday-Blitz-February-20-2024"]
[Site "Chess.com"]
[Date "2024.02.20"]
[Round "6"]
[White "LionTheLeon_06"]
[Black "ChessQueen"]
[Result "0-1"]
[WhiteElo "2875"]
[BlackElo "2741"]
[TimeControl "180+1"]
[EndTime "9:08:36 PST"]
[Termination "ChessQueen won by checkmate"]

1. c4 f5 2. b3 Nf6 3. Bb2 g6 4. g3 Bg7 5. Bg2 d6 6. Nf3 e5 7. d4 e4 8. Nfd2 Nc6 9. Na3 Qe7 10. Nc2 d5 11. O-O Be6 12. Ne3 O-O-O 13. Rc1 g5 14. cxd5 Nxd5 15. Rc5 Nxe3 16. fxe3 Qxc5 17. dxc5 Bxb2 18.
Qc2 Bg7 19. a3 h5 20. b4 g4 21. b5 Ne5 22. b6 a6 23. Nxe4 fxe4 24. Qxe4 c6 25. Qf4 Rd7 26. Qg5 Nc4 27. Qg6 Re7 28.
Qg5 Rhe8 29. Be4 Nxe3 30. Qxe3 Bd7 31. Qg5 Bd4+ 32. e3 Re5 33. Qh6 Bxc5 34. Rf7 Rxe4 35. Qh7 Rxe3 36. Rxd7 Re1+ 37. Kg2 Rg1# 0-1

[Event "Early-Titled-Tuesday-Blitz-February-20-2024"]
[Site "Chess.com"]
[Date "2024.02.20"]
[Round "6"]
[White "Nouali_Mohamed"]
[Black "BillCoe"]
[Result "1-0"]
[WhiteElo "2538"]
[BlackElo "2148"]
[TimeControl "180+1"]
[EndTime "9:08:40 PST"]
[Termination "Nouali_Mohamed won by resignation"]

1. e4 c5 2. Nf3 e6 3. d4 cxd4 4.
Nxd4 a6 5. Nc3 Qc7 6. Bd3 Nf6 7. O-O b5 8. Bg5 Be7 9. Nf3 d6 10. Bxf6 Bxf6 11. Bxb5+ axb5 12. Nxb5 Qd7 13. Nxd6+ Kf8 14. e5 Be7 15. Qd2 Ba6 16. Rfd1 Nc6 17. Qf4 f6 18. Ne4 Qc7 19. Nd6 Rd8 20. exf6 Bxf6 21. Ng5 Ke7 22. Nge4 e5 23. Qg4 Qd7 24. Nf5+ Kf8 25. Rxd7 Rxd7 26.
Nxf6 gxf6 27. h3 Rg8 28. Qh4 Rg6 29. Re1 Nd4 30. Nxd4 Rxd4 31. Qxh7 Rg7 32. Qh8+ Kf7 33. Qh5+ Kf8 34. c3 Rd8 35. Qh8+ Kf7 36. Qxd8 1-0

[Event "Early-Titled-Tuesday-Blitz-February-20-2024"]
[Site "Chess.com"]
[Date "2024.02.20"]
[Round "6"]
[White "manitodeplomo"]
[Black "Bkmzzzzz"]
[Result "1-0"]
[WhiteElo "2626"]
[BlackElo "2410"]
[TimeControl "180+1"]
[EndTime "9:08:41 PST"]
[Termination "manitodeplomo won by resignation"]

1. d4 d5 2. c4 dxc4 3. Nf3 a6 4. e3 Nf6 5. Bxc4 e6 6. Nc3 c5 7. O-O Be7 8. dxc5 Bxc5 9. Qe2 O-O 10. e4 b5 11. Bd3 Nc6 12. e5 Nd7 13. Qe4 g6 14.
Qxc6 Rb8 15. Bg5 Qa5 16. Ne4 Ba7 17. Rfc1 b4 18. Nf6+ Nxf6 19. Bxf6 Bb7 20. Qc7 Bb6 21. Qd6 Rbd8 22. Bxd8 Rxd8 23. Qe7 Rxd3 24. Ng5 Bxf2+ 25. Kxf2 Rd2+ 26. Ke1 Qxe5+ 27. Kxd2 Qf4+ 28. Ke2 Qe5+ 29. Kf2 Qd4+ 30. Kg3 Qe5+ 31. Kh3 Qe3+ 32. g3 Bg2+ 33.
Kxg2 Qe2+ 34. Kg1 Qe3+ 35. Kf1 Qd3+ 36. Kf2 Qd2+ 37. Kf3 Qd3+ 38. Kg4 Qe2+ 39. Nf3 Qe4+ 40. Kh3 Qxf3 41. Rf1 Qh5+ 42. Kg2 Qe2+ 43. Rf2 Qe4+ 44. Kg1 1-0

[Event "Early-Titled-Tuesday-Blitz-February-20-2024"]
[Site "Chess.com"]
[Date "2024.02.20"]
[Round "6"]
[White "Iball95"]
[Black "Evgeny81"]
[Result "1-0"]
[WhiteElo "2906"]
[BlackElo "2763"]
[TimeControl "180+1"]
[EndTime "9:08:42 PST"]
[Termination "Iball95 won by resignation"]

1. e4 c5 2. Nf3 e6 3. Nc3 a6 4. d4 cxd4 5. Nxd4 b5 6. Bd3 Bb7 7. O-O Nc6 8. Nxc6 Bxc6 9. Re1 Ne7 10. a4 b4 11. Na2 Ng6 12. Bd2 a5 13. c3 bxc3 14.
Bxc3 Qb6 15. Rb1 Bc5 16. Qd2 O-O 17. b4 axb4 18. Nxb4 Rfc8 19. Na6 Qa7 20. Nxc5 Qxc5 21. Rec1 Qe7 22. a5 e5 23. Bb4 Qh4 24. f3 h6 25.
Bf1 Qd8 26. a6 Nf4 27. Bd6 Qg5 28. Kh1 Qf6 29. Rd1 Ba4 30. Rdc1 Bc6 31. Rc5 Re8 32.
Ra5 h5 33. a7 h4 34. h3 Nh5 35. Rb8 Ng3+ 36. Kg1 Nxf1 37. Kxf1 Qe6 38. Rxe5 Qc4+ 39. Kg1 Rc8 40. Ra5 Qb3 41. Rxb3 1-0

[Event "Early-Titled-Tuesday-Blitz-February-20-2024"]
[Site "Chess.com"]
[Date "2024.02.20"]
[Round "6"]
[White "DonMicheleCorleone"]
[Black "AnaKuchava"]
[Result "1-0"]
[WhiteElo "2531"]
[BlackElo "2208"]
[TimeControl "180+1"]
[EndTime "9:08:42 PST"]
[Termination "DonMicheleCorleone won by checkmate"]

1. e4 c5 2. Nf3 d6 3. Bb5+ Bd7 4. Bxd7+ Qxd7 5. O-O Nc6 6. Re1 g6 7. c3 Bg7 8. d4 cxd4 9. cxd4 d5 10. exd5 Nb4 11.
Nc3 Nxd5 12. Qb3 Ngf6 13. Ne5 Qd8 14. Qb5+ Kf8 15. Qxb7 Qc8 16. Qb3 e6 17. Bd2 Rb8 18. Qa3+ Kg8 19. Rac1 Qb7 20. b3 Nxc3 21. Bxc3 Nd5 22.
Bd2 Bxe5 23. dxe5 Kg7 24. Qa4 Rhc8 25. Qh4 h5 26. Qg5 Rxc1 27. Bxc1 Qe7 28. Qh6+ Kg8 29. h3 Rc8 30. Bd2 Rc2 31. Kh2 Qf8 32. Qg5 Qe7 33. a4 Qxg5 34. Bxg5 Rxf2 35. Rc1 Kg7 36. Rc8 Rb2 37.
Rb8 Nc3 38. Bf6+ Kh7 39. Rh8# 1-0

[Event "Early-Titled-Tuesday-Blitz-February-20-2024"]
[Site "Chess.com"]
[Date "2024.02.20"]
[Round "6"]
[White "dropstoneDP"]
[Black "Witik"]
[Result "1/2-1/2"]
[WhiteElo "3015"]
[BlackElo "2778"]
[TimeControl "180+1"]
[EndTime "9:08:43 PST"]
[Termination "Game drawn by repetition"]

1. e4 c6 2. d4 d5 3. Nd2 dxe4 4. Nxe4 Nf6 5. Qd3 Nxe4 6. Qxe4 Nd7 7. c3 Nf6 8. Qc2 g6 9. Nf3 Bg7 10. Be2 O-O 11.
O-O Qc7 12. Bg5 c5 13. dxc5 Bf5 14. Bd3 Bxd3 15. Qxd3 Qxc5 16. Bxf6 Bxf6 17. Rad1 Qb6 18. Rd2 Rfd8 19. Qc2 Rxd2 20. Nxd2 Rd8 21. Nf3 Qa6 22. a3 Qb5 23. Re1 Kg7 24. h3 e6 25. a4 Qc4 26. Re4 Qc6 27. Re1 a6 28. Qe4 Qb6 29. Re2 Rd1+ 30. Kh2 Qd6+ 31. g3 b5 32.
axb5 axb5 33. Kg2 h6 34. h4 h5 35. Qe3 b4 36. Rd2 Rxd2 37. Nxd2 bxc3 38. bxc3 Qc6+ 39. Ne4 Be7 40. Qf3 Qd5 41. Kg1 f5 42. Ng5 Bxg5 43. Qxd5 exd5 44. hxg5 Kf7 45. f4 Ke6 46. Kf2 Kd6 47.
Ke3 Kc5 48. Kd3 Kc6 49. Kd4 Kd6 50. c4 dxc4 51. Kxc4 Kc6 52. Kd4 Kd6 53. Kc4 Kc6 54.
Kd4 Kd6 55. Kc4 1/2-1/2

[Event "Early-Titled-Tuesday-Blitz-February-20-2024"]
[Site "Chess.com"]
[Date "2024.02.20"]
[Round "6"]
[White "cukin84"]
[Black "maurovargas01"]
[Result "1-0"]
[WhiteElo "2213"]
[BlackElo "1873"]
[TimeControl "180+1"]
[EndTime "9:08:43 PST"]
[Termination "cukin84 won on time"]

1. e4 d5 2. exd5 Qxd5 3. Nc3 Qa5 4. d4 c6 5. Nf3 Nf6 6. Ne5 Bf5 7. Bc4 e6 8. g4 Be4 9. f3 Bd5 10. Bd3 Nbd7 11.
Bd2 Nxe5 12. dxe5 Nxg4 13. Ne4 Qb6 14. fxg4 Bc5 15. Nxc5 Bxh1 16. Be3 Qb4+ 17. Kf2 Bd5 18.
a3 Qxb2 19. Rb1 Qxe5 20. Qg1 b6 21. Nb3 Qf6+ 22. Ke1 Qh4+ 23. Qg3 Qe7 24. a4 O-O 25. g5 Rad8 26. Ke2 c5 27. Qh4 g6 28. Nd2 f5 29.
gxf6 Qxf6 30. Qxf6 Rxf6 31. Bg5 Rff8 32. Bxd8 Rxd8 33.
Ne4 Rf8 34. Rf1 c4 35. Nf6+ Kg7 36. Nxd5 cxd3+ 37. cxd3 exd5 38. Rc1 Re8+ 39. Kf3 Re7 40. Rc6 Kf7 41. Kf4 1-0

[Event "Early-Titled-Tuesday-Blitz-February-20-2024"]
[Site "Chess.com"]
[Date "2024.02.20"]
[Round "6"]
[White "Perecke"]
[Black "ajedrez-facil"]
[Result "1/2-1/2"]
[WhiteElo "2501"]
[BlackElo "2248"]
[TimeControl "180+1"]
[EndTime "9:08:44 PST"]
[Termination "Game drawn - insufficient material"]

1. d4 d5 2. Nf3 Nf6 3. e3 c6 4. b3 Bf5 5. Ne5 e6 6. Bb2 Nbd7 7. Bd3 Bxd3 8. cxd3 Nxe5 9. dxe5 Nd7 10. O-O c5 11. Nd2 Qc7 12. d4 b6 13. Rc1 Rc8 14. e4 dxe4 15. Nxe4 Qb8 16. f4 cxd4 17. Bxd4 Be7 18.
Qd3 O-O 19. Rcd1 Nc5 20. Nxc5 Bxc5 21. Bxc5 Rxc5 22. Qd7 Rc7 23. Qd6 Rc2 24. a4 g6 25.
Rf2 Rxf2 26. Kxf2 Qxd6 27. Rxd6 Rc8 28. Rd7 Rc2+ 29. Ke3 Rc3+ 30. Rd3 Rc2 31. Rd2 Rc3+ 32. Rd3 Rc2 33. Kf3 Kg7 34. h3 h5 35. g4 hxg4+ 36.
hxg4 Rc1 37. Ke4 g5 38. f5 Rg1 39. Kf3 exf5 40. gxf5 Kh6 41. Rd7 Rf1+ 42. Ke4 Rf4+ 43. Kd5 Rxf5 44. Rxa7 f6 45. Re7 Rxe5+ 46. Rxe5 fxe5 47.
Kxe5 Kh5 48. b4 g4 49. a5 bxa5 50. bxa5 g3 51. a6 g2 52. a7 g1=Q 53. a8=Q Qe3+ 54. Qe4 Qxe4+ 55. Kxe4 1/2-1/2

[Event "Early-Titled-Tuesday-Blitz-February-20-2024"]
[Site "Chess.com"]
[Date "2024.02.20"]
[Round "6"]
[White "Capablanca_Oujda_2021"]
[Black "Rurep26"]
[Result "0-1"]
[WhiteElo "2527"]
[BlackElo "2731"]
[TimeControl "180+1"]
[EndTime "9:08:45 PST"]
[Termination "Rurep26 won by resignation"]

1. b3 d5 2. Bb2 Nf6 3. g3 c6 4.
Bg2 Bf5 5. e3 e6 6. Ne2 Bd6 7. O-O O-O 8. d4 h6 9. Nd2 a5 10. c4 Na6 11. a3 Bh7 12. Nc3 Nc7 13. e4 dxe4 14. Ndxe4 Be7 15. Qd2 Nce8 16. Rad1 Nxe4 17.
Nxe4 Nf6 18. Nxf6+ Bxf6 19. d5 cxd5 20. cxd5 exd5 21.
Bxf6 Qxf6 22. Qxd5 Qb2 23. Qxb7 Rab8 24. Qc7 Rxb3 25. Bd5 Rd3 26. Rxd3 Bxd3 27. Rd1 Qxa3 28. Re1 Qb4 29. Re7 Qb1+ 30. Kg2 Bf1+ 31. Kf3 Qd3+ 32.
Kf4 Qxd5 33. Qxa5 Qxa5 0-1